Kings vs Blues

Created - 15 décembre 2017 at 05:59

Goals
1 2 3 OT1 T
Kings 0 2 1 0 3
Blues 0 2 1 1 4
Shots
1 2 3 OT1 T
Kings 10 11 12 2 35
Blues 10 9 11 3 33

1st period

No Goal

Penalties :
No Penalty

2nd period

1. Kings , Tomas Hertl 6 (Alex Ovechkin 17, Michael Del Zotto 4) at 12:17
2. Blues , Rene Bourque 7 (Mike Green 13, Dan Girardi 6) at 13:12
3. Kings , Alex Ovechkin 18 (Artem Anisimov 14) at 17:19 (PP)
4. Blues , Gabriel Dumont 4 (Jordan Szwarz 4) at 19:19

Penalties :
Rene Bourque (STL) for Kneeing (Minor) at 1:56, Brenden Dillon (STL) for Tripping (Minor) at 13:36, Dominik Simon (STL) for Tripping (Minor) at 17:03

3rd period

5. Blues , Rene Bourque 8 (Jamie McGinn 8, Trevor Daley 10) at 0:54
6. Kings , Michael Del Zotto 1 (Tomas Hertl 8, Thomas Vanek 15) at 7:06

Penalties :
Alex Ovechkin (LAK) for Hooking (Minor) at 7:29, Brenden Dillon (STL) for Hooking (Minor) at 9:51

Overtime #1

7. Blues , Rene Bourque 9 (Jeff Skinner 10, Mike Green 14) at 3:41

Penalties :
No Penalty

Goalie Stats

Ryan Miller (LAK), 29 saves from 33 shots - (0,879), OTL, 12-9-3, 63:41 minutes
Kari Lehtonen (STL), 32 saves from 35 shots - (0,914), W, 9-12-4, 63:41 minutes

Players Stats for Kings

Player Name              G  A  P  +/- PIM S  H  SB GA TA FO     MP     PP MP  PK MP  
------------------------------------------------------------------------------------
Alex Ovechkin            1  1  2   0  2   5  1  1  1  0  0/2    22:56   3:25   0:00 
Artem Anisimov           0  1  1  -1  0   1  4  1  1  0  2/4    22:23   3:25   0:00 
Brian Dumoulin           0  0  0   0  0   0  0  1  0  0  0/0    16:03   0:00   1:24 
Cam Fowler               0  0  0  -3  0   2  0  2  1  1  0/0    26:57   3:47   0:35 
Danny DeKeyser           0  0  0  -3  0   0  5  3  0  0  0/0    22:09   0:00   0:35 
Jason Zucker             0  0  0  -2  0   2  3  0  1  1  0/0    14:14   0:00   1:15 
Jesper Bratt             0  0  0   0  0   3  0  0  0  0  0/1     8:43   0:11   0:00 
Jon Merrill              0  0  0   0  0   0  0  1  0  0  0/0    15:36   0:00   1:24 
Justin Schultz           0  0  0   1  0   0  2  0  0  1  0/0    21:15   3:47   0:00 
Martin Hanzal            0  0  0   1  0   0  2  0  0  1  5/9    15:57   0:00   1:08 
Mathieu Perreault        0  0  0  -2  0   2  2  0  0  0  7/12   15:06   2:37   0:00 
Michael Del Zotto        1  1  2   2  0   1  0  1  0  0  0/0    18:51   2:26   0:00 
Oliver Bjorkstrand       0  0  0   0  0   2  1  0  1  0  0/0     8:32   0:00   0:00 
Patrick Maroon           0  0  0  -2  0   3  0  1  3  0  0/0    15:22   2:37   0:37 
Ryan Kesler              0  0  0   0  0   5  2  2  1  1  24/34  22:52   3:36   0:00 
Thomas Vanek             0  1  1   0  0   2  3  1  0  0  1/2    16:32   2:37   0:00 
Tomas Hertl              1  1  2   1  0   7  0  1  0  0  0/1    16:56   2:37   0:51 
William Karlsson         0  0  0   0  0   0  1  0  0  0  0/4     8:39   0:00   0:07 

Players Stats for Blues

Player Name              G  A  P  +/- PIM S  H  SB GA TA FO     MP     PP MP  PK MP  
------------------------------------------------------------------------------------
Brenden Dillon           0  0  0   1  4   0  2  1  0  1  0/0    16:17   0:38   0:45 
Cody Eakin               0  0  0   0  0   4  1  0  0  0  3/4    22:29   1:11   3:15 
Dan Girardi              0  1  1   0  0   1  1  0  0  1  0/0    26:12   1:21   3:18 
David Schlemko           0  0  0  -1  0   2  0  1  0  1  0/0    10:33   0:00   1:05 
Dominik Simon            0  0  0   0  2   0  1  0  0  0  2/3     6:08   0:00   0:00 
Gabriel Dumont           1  0  1   0  0   4  0  0  0  1  4/8    12:41   0:00   0:00 
Jamie McGinn             0  1  1   1  0   3  1  1  0  1  0/0    18:56   0:48   0:46 
Jeff Skinner             0  1  1   0  0   3  3  2  1  1  9/30   27:12   1:11   3:15 
Jordan Oesterle          0  0  0   1  0   0  2  1  0  0  0/0     8:26   0:00   1:05 
Jordan Schroeder         0  0  0   0  0   3  1  0  0  0  0/1     6:09   0:00   0:00 
Jordan Szwarz            0  1  1   0  0   1  2  1  1  0  0/0    13:24   0:00   0:00 
Kevin Porter             0  0  0   1  0   1  2  2  1  1  11/18  18:13   0:48   0:09 
Mark Fayne               0  0  0  -1  0   0  1  0  0  0  0/0     9:28   0:00   0:00 
Melker Karlsson          0  0  0   1  0   3  2  2  0  0  1/3    21:32   1:11   2:32 
Mike Green               0  2  2   0  0   0  0  1  0  0  0/0    27:36   1:21   3:18 
Nate Thompson            0  0  0   0  0   0  0  0  0  1  0/0    14:20   0:00   1:37 
Rene Bourque             3  0  3   2  2   8  2  0  2  0  0/2    19:17   0:48   0:52 
Scott Mayfield           0  0  0   1  0   0  0  1  0  0  0/0     7:13   0:00   0:00 
Trevor Daley             0  1  1   2  0   0  1  0  0  1  0/0    18:40   0:38   2:55 

3 Stars

1 - Rene Bourque (STL)
2 - Michael Del Zotto (LAK)
3 - Tomas Hertl (LAK)

Power Play

Kings - 1 on 4 Attempt(s) - 25,00%
Blues - 0 on 1 Attempt(s) - 0,00%

Penalty Kill

Kings - 1 on 1 Attempt(s) - 100,00% - Score 0 goal in Penalty Kill
Blues - 3 on 4 Attempt(s) - 75,00% - Score 0 goal in Penalty Kill

Team Stat

Kings - Hits : 26 - Faceoff Wins : 39 - Blocked Shots : 15 - Penalty Minutes : 2
Blues - Hits : 22 - Faceoff Wins : 30 - Blocked Shots : 13 - Penalty Minutes : 8

Official

Referees : Jacob Brenk and TJ Luxmore
Linesman : Vaughan Rody and Thor Nelson

Game Notes

9:13 of 2nd period - Kings goal is going for a video replay. After video review, No Goal. The goalkeeper has been pushed into the net together with the puck after making a save.
Rene Bourque has scored a Hat Trick!

Finance

Level 1 -- Attendance: 4953 (82,55%) -- Ticket Income 495 300 $
Level 2 -- Attendance: 4854 (97,08%) -- Ticket Income 291 240 $
Level 3 -- Attendance: 1475 (73,75%) -- Ticket Income 59 000 $
Level 4 -- Attendance: 2453 (61,33%) -- Ticket Income 73 590 $
Luxury Box -- Attendance: 744 (74,40%) -- Ticket Income 148 800 $
Game was played at the St.Louis Garden.
Total Attendance: 14479 (80,44%)
Total Ticket Income: 1 067 930 $
Other Income: 523 286 $
Total Income: 1 591 216 $

Kings

5 vs 5 Forward 
   Center                   Left Wing                Right Wing               Time % Phy DF OF 
 1 Ryan Kesler              Artem Anisimov           Alex Ovechkin            37     1   1  3  
 2 Martin Hanzal            Thomas Vanek             Tomas Hertl              30     1   2  2  
 3 Mathieu Perreault        Patrick Maroon           Jason Zucker             24     1   2  2  
 4 William Karlsson         Jesper Bratt             Oliver Bjorkstrand       9      1   2  2  

5 vs 5 Defense 
   Defense                  Defense                                           Time % Phy DF OF 
 1 Cam Fowler               Danny DeKeyser                                    40     1   2  2  
 2 Michael Del Zotto        Justin Schultz                                    32     1   2  2  
 3 Brian Dumoulin           Jon Merrill                                       28     1   2  2  
 4 Cam Fowler               Danny DeKeyser                                    0      1   2  2  

PowerPlay Forward 
   Center                   Left Wing                Right Wing               Time % Phy DF OF 
 1 Ryan Kesler              Artem Anisimov           Alex Ovechkin            65     0   1  4  
 2 Mathieu Perreault        Patrick Maroon           Thomas Vanek             35     0   1  4  

PowerPlay Defense
   Defense                  Defense                                           Time % Phy DF OF 
 1 Cam Fowler               Justin Schultz                                    60     0   1  4  
 2 Michael Del Zotto        Tomas Hertl                                       40     0   1  4  

Penalty Kill 4 Players Forward 
   Center                   Wing                     Time % Phy DF OF 
 1 Martin Hanzal            Jason Zucker             60     1   4  0  
 2 William Karlsson         Tomas Hertl              40     1   4  0  

Penalty Kill 4 Players Defense
   Defense                  Defense                  Time % Phy DF OF 
 1 Brian Dumoulin           Jon Merrill              60     1   4  0  
 2 Cam Fowler               Danny DeKeyser           40     1   4  0  

Penalty Kill - 3 Players Forward 
   Forward                                           Time % Phy DF OF 
 1 Ryan Kesler                                       60     1   4  0  
 2 Martin Hanzal                                     40     1   4  0  

Penalty Kill - 3 Players Defense
   Defense                  Defense                  Time % Phy DF OF 
 1 Cam Fowler               Danny DeKeyser           60     1   4  0  
 2 Brian Dumoulin           Jon Merrill              40     1   4  0  

4 vs 4 Forward 
   Center                   Wing                     Time % Phy DF OF 
 1 Ryan Kesler              Alex Ovechkin            60     0   2  3  
 2 Artem Anisimov           Thomas Vanek             40     1   2  2  

4 vs 4 Defense
   Defense                  Defense                  Time % Phy DF OF 
 1 Cam Fowler               Danny DeKeyser           60     0   2  3  
 2 Justin Schultz           Michael Del Zotto        40     1   2  2  

Last Minutes Offensive
   Center                   Left Wing                Right Wing               Defense                  Defense                  
   Ryan Kesler              Alex Ovechkin            Thomas Vanek             Cam Fowler               Justin Schultz           

Last Minutes Defensive
   Center                   Left Wing                Right Wing               Defense                  Defense                  
   Ryan Kesler              Martin Hanzal            William Karlsson         Cam Fowler               Danny DeKeyser           

Goaltenders
Starting : Ryan Miller              
Backup : Alex Stalock             

Extra Forwards
Normal : Mathieu Perreault, Jason Zucker, Patrick Maroon - PP : Mathieu Perreault, Patrick Maroon - PK : Tomas Hertl
Extra Defensemen
Normal : Danny DeKeyser, Brian Dumoulin, Cam Fowler - PP : Danny DeKeyser - PK : Cam Fowler, Brian Dumoulin
Penalty Shots
Thomas Vanek, William Karlsson, Alex Ovechkin, Artem Anisimov, Ryan Kesler
Custom OT Lines Forwards
Alex Ovechkin, Ryan Kesler, Artem Anisimov, Martin Hanzal, Thomas Vanek, Jason Zucker, Mathieu Perreault, Patrick Maroon, Oliver Bjorkstrand, William Karlsson
Custom OT Lines Defensemen
Justin Schultz, Cam Fowler, Brian Dumoulin, Michael Del Zotto, Danny DeKeyser

Scratches
*salaire Kings* (Healthy), Magnus Paajarvi (Healthy), Semyon Varlamov (Healthy)

Blues

5 vs 5 Forward 
   Center                   Left Wing                Right Wing               Time % Phy DF OF 
 1 Jeff Skinner             Cody Eakin               Melker Karlsson          40     1   2  2  
 2 Kevin Porter             Rene Bourque             Jamie McGinn             30     1   2  2  
 3 Gabriel Dumont           Nate Thompson            Jordan Szwarz            20     1   2  2  
 4 Dominik Simon            Jeff Skinner             Jordan Schroeder         10     1   2  2  

5 vs 5 Defense 
   Defense                  Defense                                           Time % Phy DF OF 
 1 Mike Green               Dan Girardi                                       40     1   2  2  
 2 Trevor Daley             Brenden Dillon                                    30     1   2  2  
 3 Mark Fayne               David Schlemko                                    20     1   2  2  
 4 Jordan Oesterle          Scott Mayfield                                    10     1   2  2  

PowerPlay Forward 
   Center                   Left Wing                Right Wing               Time % Phy DF OF 
 1 Jeff Skinner             Cody Eakin               Melker Karlsson          60     1   2  2  
 2 Kevin Porter             Rene Bourque             Jamie McGinn             40     1   2  2  

PowerPlay Defense
   Defense                  Defense                                           Time % Phy DF OF 
 1 Mike Green               Dan Girardi                                       60     1   2  2  
 2 Trevor Daley             Brenden Dillon                                    40     1   2  2  

Penalty Kill 4 Players Forward 
   Center                   Wing                     Time % Phy DF OF 
 1 Jeff Skinner             Cody Eakin               60     1   2  2  
 2 Melker Karlsson          Rene Bourque             40     1   2  2  

Penalty Kill 4 Players Defense
   Defense                  Defense                  Time % Phy DF OF 
 1 Mike Green               Dan Girardi              60     1   2  2  
 2 Trevor Daley             Brenden Dillon           40     1   2  2  

Penalty Kill - 3 Players Forward 
   Forward                                           Time % Phy DF OF 
 1 Jeff Skinner                                      60     1   2  2  
 2 Cody Eakin                                        40     1   2  2  

Penalty Kill - 3 Players Defense
   Defense                  Defense                  Time % Phy DF OF 
 1 Mike Green               Dan Girardi              60     1   2  2  
 2 Trevor Daley             Brenden Dillon           40     1   2  2  

4 vs 4 Forward 
   Center                   Wing                     Time % Phy DF OF 
 1 Jeff Skinner             Cody Eakin               60     1   2  2  
 2 Melker Karlsson          Rene Bourque             40     1   2  2  

4 vs 4 Defense
   Defense                  Defense                  Time % Phy DF OF 
 1 Mike Green               Dan Girardi              60     1   2  2  
 2 Trevor Daley             Brenden Dillon           40     1   2  2  

Last Minutes Offensive
   Center                   Left Wing                Right Wing               Defense                  Defense                  
   Jeff Skinner             Cody Eakin               Melker Karlsson          Mike Green               Dan Girardi              

Last Minutes Defensive
   Center                   Left Wing                Right Wing               Defense                  Defense                  
   Jeff Skinner             Cody Eakin               Melker Karlsson          Mike Green               Dan Girardi              

Goaltenders
Starting : Kari Lehtonen            
Backup : Calvin Pickard           

Extra Forwards
Normal : Jordan Szwarz, Gabriel Dumont, Nate Thompson - PP : Jordan Szwarz, Gabriel Dumont - PK : Nate Thompson
Extra Defensemen
Normal : Mark Fayne, David Schlemko, Jordan Oesterle - PP : Mark Fayne - PK : David Schlemko, Jordan Oesterle
Penalty Shots
Jeff Skinner, Cody Eakin, Melker Karlsson, Rene Bourque, Jamie McGinn
Custom OT Lines Forwards
Jeff Skinner, Cody Eakin, Melker Karlsson, Rene Bourque, Jamie McGinn, Kevin Porter, Jordan Szwarz, Gabriel Dumont, Nate Thompson, Dominik Simon
Custom OT Lines Defensemen
Mike Green, Dan Girardi, Trevor Daley, Brenden Dillon, Mark Fayne

Scratches
*salaire blues* (Suspend), Clarke MacArthur (Healthy)

% Time on Ice - Kings

Lines # - Real PCT - Wanted PCT - Time Play
Normal Forward
1 - 34% - 37% - 17:33
2 - 26% - 30% - 13:36
3 - 23% - 24% - 12:07
4 - 16% - 9% - 8:32
Normal Defense
1 - 41% - 40% - 21:18
2 - 31% - 32% - 16:05
3 - 27% - 28% - 14:12
4 - 0% - 0% - 0:13
PP Forward
1 - 58% - 65% - 3:36
2 - 42% - 35% - 2:37
PP Defense
1 - 61% - 60% - 3:47
2 - 39% - 40% - 2:26
PK Forward
1 - 94% - 60% - 1:52
2 - 6% - 40% - 0:07
PK Defense
1 - 71% - 60% - 1:24
2 - 29% - 40% - 0:35
PK3 Forward
1 - 0% - 60%
2 - 0% - 40%
PK3 Defense
1 - 0% - 60%
2 - 0% - 40%
44 Forward
1 - 0% - 60%
2 - 0% - 40%
44 Defense
1 - 0% - 60%
2 - 0% - 40%
Last Minute Offensive  - 0:00
Last Minute Defensive  - 0:00
Total
Forward - 60:00
Defense - 60:00

% Time on Ice - Blues

Lines # - Real PCT - Wanted PCT - Time Play
Normal Forward
1 - 33% - 40% - 16:51
2 - 32% - 30% - 16:32
3 - 24% - 20% - 12:16
4 - 12% - 10% - 6:09
Normal Defense
1 - 40% - 40% - 20:49
2 - 28% - 30% - 14:18
3 - 18% - 20% - 9:28
4 - 14% - 10% - 7:13
PP Forward
1 - 60% - 60% - 1:11
2 - 40% - 40% - 0:48
PP Defense
1 - 68% - 60% - 1:21
2 - 32% - 40% - 0:38
PK Forward
1 - 81% - 60% - 5:02
2 - 19% - 40% - 1:11
PK Defense
1 - 53% - 60% - 3:18
2 - 47% - 40% - 2:55
PK3 Forward
1 - 0% - 60%
2 - 0% - 40%
PK3 Defense
1 - 0% - 60%
2 - 0% - 40%
44 Forward
1 - 0% - 60%
2 - 0% - 40%
44 Defense
1 - 0% - 60%
2 - 0% - 40%
Last Minute Offensive  - 0:00
Last Minute Defensive  - 0:00
Total
Forward - 60:00
Defense - 60:00

Play by Play

1st period


0:01 of 1st period - Jeff Skinner wins face-off versus Ryan Kesler in neutral zone.
0:10 of 1st period - Wrist shot by Jeff Skinner.
0:10 of 1st period - Stopped by Ryan Miller with a rebound.
0:42 of 1st period - Martin Hanzal is hit by Rene Bourque and loses puck.
1:01 of 1st period - Wrist shot by Rene Bourque.
1:01 of 1st period - Shot Blocked by Danny DeKeyser.
1:21 of 1st period - Snap shot by Tomas Hertl.
1:21 of 1st period - Stopped by Kari Lehtonen with a rebound.
1:30 of 1st period - Off-side.
1:31 of 1st period - Mathieu Perreault wins face-off versus Gabriel Dumont in neutral zone.
1:40 of 1st period - Wrist shot by Patrick Maroon.
1:40 of 1st period - Stopped by Kari Lehtonen with a rebound.
1:42 of 1st period - Snap shot by Jason Zucker.
1:42 of 1st period - Shot Misses the Net.
1:44 of 1st period - Wrist shot by Jason Zucker.
1:44 of 1st period - Stopped by Kari Lehtonen with a rebound.
1:46 of 1st period - Snap shot by Justin Schultz.
1:46 of 1st period - Deflect By Jason Zucker.
1:46 of 1st period - Stopped by Kari Lehtonen without a rebound.
1:47 of 1st period - Ryan Kesler wins face-off versus Jeff Skinner in Blues zone.
1:50 of 1st period - Wrist shot by Artem Anisimov.
1:50 of 1st period - Stopped by Kari Lehtonen with a rebound.
2:02 of 1st period - Jon Merrill is hit by Jeff Skinner and loses puck.
2:36 of 1st period - Slapshot by Dominik Simon.
2:36 of 1st period - Deflect By Jeff Skinner.
2:36 of 1st period - Shot Misses the Net.
2:36 of 1st period - Puck is out of play.
2:37 of 1st period - Dominik Simon wins face-off versus William Karlsson in Kings zone.
2:46 of 1st period - Wrist shot by Oliver Bjorkstrand.
2:46 of 1st period - Shot Blocked by Jordan Oesterle.
3:14 of 1st period - Off-side.
3:15 of 1st period - Kevin Porter wins face-off versus Mathieu Perreault in neutral zone.
3:51 of 1st period - Artem Anisimov is hit by Cody Eakin and loses puck.
4:32 of 1st period - Wrist shot by Jamie McGinn.
4:32 of 1st period - Shot Misses the Net.
4:53 of 1st period - Icing by Jason Zucker.
4:54 of 1st period - Gabriel Dumont wins face-off versus William Karlsson in Kings zone.
4:55 of 1st period - Snap shot by Jordan Szwarz.
4:55 of 1st period - Shot Misses the Net.
4:57 of 1st period - Backhand shot by Dan Girardi.
4:57 of 1st period - Deflect By Gabriel Dumont.
4:57 of 1st period - Shot Misses the Net.
4:57 of 1st period - Puck is out of play.
4:58 of 1st period - Gabriel Dumont wins face-off versus William Karlsson in Kings zone.
5:47 of 1st period - Snap shot by Rene Bourque.
5:47 of 1st period - Shot Blocked by Tomas Hertl.
5:49 of 1st period - Wrist shot by Dan Girardi.
5:49 of 1st period - Stopped by Ryan Miller with a rebound.
5:53 of 1st period - Snap shot by Rene Bourque.
5:53 of 1st period - Deflect By Jamie McGinn.
5:53 of 1st period - Shot Blocked by Brian Dumoulin.
5:53 of 1st period - Puck is out of play.
5:54 of 1st period - Mathieu Perreault wins face-off versus Jeff Skinner in Kings zone.
6:28 of 1st period - Wrist shot by Ryan Kesler.
6:28 of 1st period - Shot Blocked by David Schlemko.
6:32 of 1st period - Wrist shot by Alex Ovechkin.
6:32 of 1st period - Shot Misses the Net.
6:44 of 1st period - Wrist shot by Oliver Bjorkstrand.
6:44 of 1st period - Stopped by Kari Lehtonen without a rebound.
6:45 of 1st period - Jeff Skinner wins face-off versus William Karlsson in Blues zone.
7:02 of 1st period - Cam Fowler is hit by Brenden Dillon and loses puck.
7:45 of 1st period - Cam Fowler is hit by Rene Bourque.
8:17 of 1st period - Patrick Maroon is hit by Jordan Szwarz and loses puck.
8:28 of 1st period - Slapshot by Mike Green.
8:28 of 1st period - Deflect By Jordan Szwarz.
8:28 of 1st period - Shot Misses the Net.
8:28 of 1st period - Puck is out of play.
8:29 of 1st period - Kevin Porter wins face-off versus Ryan Kesler in Kings zone.
8:30 of 1st period - Wrist shot by Rene Bourque.
8:30 of 1st period - Stopped by Ryan Miller with a rebound.
8:34 of 1st period - Wrist shot by Rene Bourque.
8:34 of 1st period - Deflect By Kevin Porter.
8:34 of 1st period - Shot Hit the Post.
8:34 of 1st period - Puck is out of play.
8:35 of 1st period - Ryan Kesler wins face-off versus Kevin Porter in Kings zone.
8:51 of 1st period - Wrist shot by Rene Bourque.
8:51 of 1st period - Stopped by Ryan Miller without a rebound.
8:52 of 1st period - Thomas Vanek wins face-off versus Jeff Skinner in Kings zone.
8:59 of 1st period - Snap shot by Tomas Hertl.
8:59 of 1st period - Stopped by Kari Lehtonen with a rebound.
9:07 of 1st period - Snap shot by Tomas Hertl.
9:07 of 1st period - Stopped by Kari Lehtonen without a rebound.
9:08 of 1st period - Jeff Skinner wins face-off versus Alex Ovechkin in Blues zone.
9:43 of 1st period - Wrist shot by Tomas Hertl.
9:43 of 1st period - Shot Misses the Net.
9:59 of 1st period - Backhand shot by Jordan Szwarz.
9:59 of 1st period - Stopped by Ryan Miller without a rebound.
10:00 of 1st period - Kevin Porter wins face-off versus Mathieu Perreault in Kings zone.
10:05 of 1st period - Snap shot by Kevin Porter.
10:05 of 1st period - Stopped by Ryan Miller with a rebound.
10:24 of 1st period - Jon Merrill is hit by Trevor Daley and loses puck.
10:43 of 1st period - Nate Thompson is hit by Alex Ovechkin and loses puck.
11:12 of 1st period - Kevin Porter is hit by Danny DeKeyser.
11:16 of 1st period - Kevin Porter is hit by Danny DeKeyser and loses puck.
12:05 of 1st period - Gabriel Dumont is hit by Martin Hanzal and loses puck.
12:16 of 1st period - Mathieu Perreault is hit by Jordan Oesterle and loses puck.
12:23 of 1st period - Wrist shot by Jordan Schroeder.
12:23 of 1st period - Stopped by Ryan Miller without a rebound.
12:24 of 1st period - Ryan Kesler wins face-off versus Kevin Porter in Kings zone.
13:47 of 1st period - Brenden Dillon is hit by Artem Anisimov and loses puck.
14:44 of 1st period - Rene Bourque is hit by Justin Schultz and loses puck.
15:23 of 1st period - Jordan Szwarz is hit by Danny DeKeyser and loses puck.
15:40 of 1st period - Slapshot by Mathieu Perreault.
15:40 of 1st period - Stopped by Kari Lehtonen with a rebound.
15:51 of 1st period - Melker Karlsson is hit by Jason Zucker and loses puck.
16:08 of 1st period - Wrist shot by Rene Bourque.
16:08 of 1st period - Shot Hit the Post.
16:36 of 1st period - Snap shot by Jesper Bratt.
16:36 of 1st period - Stopped by Kari Lehtonen without a rebound.
16:37 of 1st period - Kevin Porter wins face-off versus Martin Hanzal in Blues zone.
17:07 of 1st period - Slapshot by Gabriel Dumont.
17:07 of 1st period - Shot Misses the Net.
17:09 of 1st period - Wrist shot by Gabriel Dumont.
17:09 of 1st period - Stopped by Ryan Miller with a rebound.
17:43 of 1st period - Icing by Michael Del Zotto.
17:44 of 1st period - Mathieu Perreault wins face-off versus Gabriel Dumont in Kings zone.
18:20 of 1st period - Wrist shot by Melker Karlsson.
18:20 of 1st period - Shot Blocked by Michael Del Zotto.
18:22 of 1st period - Snap shot by Cody Eakin.
18:22 of 1st period - Stopped by Ryan Miller without a rebound.
18:23 of 1st period - Artem Anisimov wins face-off versus Kevin Porter in Kings zone.
18:34 of 1st period - Slapshot by Rene Bourque.
18:34 of 1st period - Stopped by Ryan Miller without a rebound.
18:35 of 1st period - Ryan Kesler wins face-off versus Jeff Skinner in Kings zone.
18:56 of 1st period - Ryan Kesler is hit by Melker Karlsson and loses puck.
Goals for this period are 0 for Kings vs 0 for Blues.
Shots for this period are 10 for Kings vs 10 for Blues.

2nd period


0:01 of 2nd period - Cody Eakin wins face-off versus Ryan Kesler in neutral zone.
0:10 of 2nd period - Snap shot by Alex Ovechkin.
0:10 of 2nd period - Shot Blocked by Jeff Skinner.
0:16 of 2nd period - Wrist shot by Ryan Kesler.
0:16 of 2nd period - Shot Blocked by Melker Karlsson.
0:26 of 2nd period - Thomas Vanek is hit by Jamie McGinn and loses puck.
0:37 of 2nd period - Martin Hanzal is hit by Brenden Dillon and loses puck.
0:52 of 2nd period - David Schlemko is hit by Jason Zucker and loses puck.
0:57 of 2nd period - Snap shot by Mathieu Perreault.
0:57 of 2nd period - Stopped by Kari Lehtonen with a rebound.
1:15 of 2nd period - Slapshot by Dominik Simon.
1:15 of 2nd period - Shot Misses the Net.
1:17 of 2nd period - Slapshot by Mark Fayne.
1:17 of 2nd period - Deflect By Jeff Skinner.
1:17 of 2nd period - Shot Misses the Net.
1:17 of 2nd period - Puck is out of play.
1:18 of 2nd period - Jeff Skinner wins face-off versus Thomas Vanek in Kings zone.
1:32 of 2nd period - Wrist shot by Thomas Vanek.
1:32 of 2nd period - Stopped by Kari Lehtonen without a rebound.
1:33 of 2nd period - Ryan Kesler wins face-off versus Jeff Skinner in Blues zone.
1:56 of 2nd period - Minor Penalty to Rene Bourque for Kneeing.
1:57 of 2nd period - Ryan Kesler wins face-off versus Jeff Skinner in Blues zone.
2:30 of 2nd period - Cody Eakin is hit by Thomas Vanek and loses puck.
3:56 of 2nd period - Penalty to Rene Bourque is over, Rene Bourque is back on ice.
5:07 of 2nd period - Snap shot by Jordan Schroeder.
5:07 of 2nd period - Stopped by Ryan Miller without a rebound.
5:08 of 2nd period - Martin Hanzal wins face-off versus Kevin Porter in Kings zone.
5:52 of 2nd period - Wrist shot by Mathieu Perreault.
5:52 of 2nd period - Shot Blocked by Jeff Skinner.
6:06 of 2nd period - Wrist shot by Kevin Porter.
6:06 of 2nd period - Shot Misses the Net.
6:22 of 2nd period - Wrist shot by Alex Ovechkin.
6:22 of 2nd period - Shot Misses the Net.
6:56 of 2nd period - Snap shot by Patrick Maroon.
6:56 of 2nd period - Shot Blocked by Jamie McGinn.
7:08 of 2nd period - Justin Schultz is hit by Jeff Skinner and loses puck.
7:35 of 2nd period - Icing by Jordan Szwarz.
7:36 of 2nd period - Ryan Kesler wins face-off versus Dominik Simon in Blues zone.
7:39 of 2nd period - Slapshot by Alex Ovechkin.
7:39 of 2nd period - Shot Blocked by Jordan Szwarz.
7:41 of 2nd period - Snap shot by Artem Anisimov.
7:41 of 2nd period - Shot Blocked by Scott Mayfield.
7:47 of 2nd period - Snap shot by Ryan Kesler.
7:47 of 2nd period - Stopped by Kari Lehtonen with a rebound.
7:49 of 2nd period - Slapshot by Cam Fowler.
7:49 of 2nd period - Deflect By Jordan Szwarz.
7:49 of 2nd period - Stopped by Kari Lehtonen without a rebound.
7:50 of 2nd period - Ryan Kesler wins face-off versus Jeff Skinner in Blues zone.
7:51 of 2nd period - Snap shot by Alex Ovechkin.
7:51 of 2nd period - Shot Misses the Net.
8:05 of 2nd period - Snap shot by Cody Eakin.
8:05 of 2nd period - Stopped by Ryan Miller without a rebound.
8:06 of 2nd period - Martin Hanzal wins face-off versus Rene Bourque in Kings zone.
8:13 of 2nd period - Wrist shot by Thomas Vanek.
8:13 of 2nd period - Stopped by Kari Lehtonen with a rebound.
9:01 of 2nd period - Backhand shot by Oliver Bjorkstrand.
9:01 of 2nd period - Stopped by Kari Lehtonen without a rebound.
9:02 of 2nd period - Kevin Porter wins face-off versus Jesper Bratt in Blues zone.
9:11 of 2nd period - Snap shot by Oliver Bjorkstrand.
9:11 of 2nd period - Shot Misses the Net.
9:13 of 2nd period - Snap shot by Jesper Bratt.
9:13 of 2nd period - Kings goal is going for a video replay.
9:13 of 2nd period - The goal is refused. The goalkeeper has been pushed into the net together with the puck after making a save..
9:14 of 2nd period - Kevin Porter wins face-off versus Ryan Kesler in Blues zone.
9:14 of 2nd period - Kevin Porter is hit by Artem Anisimov.
9:29 of 2nd period - Snap shot by Jamie McGinn.
9:29 of 2nd period - Stopped by Ryan Miller without a rebound.
9:30 of 2nd period - Martin Hanzal wins face-off versus Jeff Skinner in Kings zone.
9:43 of 2nd period - Wrist shot by Martin Hanzal.
9:43 of 2nd period - Shot Misses the Net.
9:45 of 2nd period - Wrist shot by Tomas Hertl.
9:45 of 2nd period - Stopped by Kari Lehtonen with a rebound.
9:55 of 2nd period - Jamie McGinn is hit by Danny DeKeyser.
9:58 of 2nd period - Off-side.
9:59 of 2nd period - Kevin Porter wins face-off versus Ryan Kesler in neutral zone.
10:02 of 2nd period - Artem Anisimov is hit by Kevin Porter and loses puck.
10:08 of 2nd period - Off-side.
10:09 of 2nd period - Ryan Kesler wins face-off versus Jeff Skinner in neutral zone.
10:09 of 2nd period - Ryan Kesler is hit by Jeff Skinner.
10:15 of 2nd period - Wrist shot by Alex Ovechkin.
10:15 of 2nd period - Shot Misses the Net.
10:25 of 2nd period - Snap shot by Jeff Skinner.
10:25 of 2nd period - Stopped by Ryan Miller with a rebound.
10:35 of 2nd period - Tomas Hertl is hit by Kevin Porter.
10:39 of 2nd period - Slapshot by Jamie McGinn.
10:39 of 2nd period - Stopped by Ryan Miller with a rebound.
10:45 of 2nd period - Kevin Porter is hit by Martin Hanzal and loses puck.
11:28 of 2nd period - Wrist shot by Melker Karlsson.
11:28 of 2nd period - Shot Blocked by Danny DeKeyser.
11:30 of 2nd period - Wrist shot by Cody Eakin.
11:30 of 2nd period - Stopped by Ryan Miller with a rebound.
11:32 of 2nd period - Snap shot by Melker Karlsson.
11:32 of 2nd period - Shot Misses the Net.
11:34 of 2nd period - Slapshot by David Schlemko.
11:34 of 2nd period - Stopped by Ryan Miller with a rebound.
11:44 of 2nd period - Danny DeKeyser is hit by Mark Fayne and loses puck.
12:01 of 2nd period - Snap shot by Jeff Skinner.
12:01 of 2nd period - Shot Misses the Net.
12:17 of 2nd period - Wrist shot by Tomas Hertl.
12:17 of 2nd period - Goal by Tomas Hertl - Kings : 1 - Blues : 0.
12:18 of 2nd period - Jeff Skinner wins face-off versus Artem Anisimov in neutral zone.
13:12 of 2nd period - Wrist shot by Rene Bourque.
13:12 of 2nd period - Goal by Rene Bourque - Kings : 1 - Blues : 1.
13:13 of 2nd period - Jeff Skinner wins face-off versus Ryan Kesler in neutral zone.
13:28 of 2nd period - Wrist shot by Alex Ovechkin.
13:28 of 2nd period - Shot Misses the Net.
13:36 of 2nd period - Minor Penalty to Brenden Dillon for Tripping.
13:37 of 2nd period - Ryan Kesler wins face-off versus Jeff Skinner in Blues zone.
15:11 of 2nd period - Melker Karlsson is hit by Mathieu Perreault and loses puck.
15:36 of 2nd period - Penalty to Brenden Dillon is over, Brenden Dillon is back on ice.
15:49 of 2nd period - Slapshot by Oliver Bjorkstrand.
15:49 of 2nd period - Shot Blocked by Brenden Dillon.
16:16 of 2nd period - Wrist shot by Gabriel Dumont.
16:16 of 2nd period - Shot Hit the Post.
17:03 of 2nd period - Minor Penalty to Dominik Simon for Tripping.
17:04 of 2nd period - Ryan Kesler wins face-off versus Jeff Skinner in Blues zone.
17:11 of 2nd period - Snap shot by Alex Ovechkin.
17:11 of 2nd period - Deflect By Mike Green.
17:11 of 2nd period - Stopped by Kari Lehtonen with a rebound.
17:19 of 2nd period - Slapshot by Alex Ovechkin.
17:19 of 2nd period - Goal by Alex Ovechkin - Kings : 2 - Blues : 1.
17:20 of 2nd period - Artem Anisimov wins face-off versus Jeff Skinner in neutral zone.
17:37 of 2nd period - Snap shot by Ryan Kesler.
17:37 of 2nd period - Shot Misses the Net.
19:19 of 2nd period - Wrist shot by Gabriel Dumont.
19:19 of 2nd period - Goal by Gabriel Dumont - Kings : 2 - Blues : 2.
19:20 of 2nd period - Jeff Skinner wins face-off versus Ryan Kesler in neutral zone.
19:23 of 2nd period - Michael Del Zotto is hit by Dan Girardi and loses puck.
19:46 of 2nd period - Dan Girardi is hit by Jason Zucker and loses puck.
Goals for this period are 2 for Kings vs 2 for Blues.
Shots for this period are 11 for Kings vs 9 for Blues.

3rd period


0:01 of 3rd period - Ryan Kesler wins face-off versus Jeff Skinner in neutral zone.
0:03 of 3rd period - Off-side.
0:04 of 3rd period - Ryan Kesler wins face-off versus Jeff Skinner in neutral zone.
0:12 of 3rd period - Slapshot by Jeff Skinner.
0:12 of 3rd period - Shot Blocked by Jon Merrill.
0:54 of 3rd period - Wrist shot by Rene Bourque.
0:54 of 3rd period - Goal by Rene Bourque - Kings : 2 - Blues : 3.
0:55 of 3rd period - Ryan Kesler wins face-off versus Kevin Porter in neutral zone.
1:34 of 3rd period - Wrist shot by Cody Eakin.
1:34 of 3rd period - Shot Misses the Net.
3:38 of 3rd period - Jordan Oesterle is hit by Oliver Bjorkstrand and loses puck.
4:25 of 3rd period - Snap shot by Alex Ovechkin.
4:25 of 3rd period - Stopped by Kari Lehtonen without a rebound.
4:26 of 3rd period - Ryan Kesler wins face-off versus Jordan Schroeder in Blues zone.
4:37 of 3rd period - Snap shot by Ryan Kesler.
4:37 of 3rd period - Stopped by Kari Lehtonen without a rebound.
4:38 of 3rd period - Ryan Kesler wins face-off versus Rene Bourque in Blues zone.
4:41 of 3rd period - Wrist shot by Ryan Kesler.
4:41 of 3rd period - Deflect By Artem Anisimov.
4:41 of 3rd period - Shot Misses the Net.
4:41 of 3rd period - Puck is out of play.
4:42 of 3rd period - Ryan Kesler wins face-off versus Kevin Porter in Blues zone.
4:51 of 3rd period - Slapshot by Ryan Kesler.
4:51 of 3rd period - Stopped by Kari Lehtonen without a rebound.
4:52 of 3rd period - Ryan Kesler wins face-off versus Jeff Skinner in Blues zone.
4:55 of 3rd period - Snap shot by Alex Ovechkin.
4:55 of 3rd period - Stopped by Kari Lehtonen without a rebound.
4:56 of 3rd period - Ryan Kesler wins face-off versus Jeff Skinner in Blues zone.
5:09 of 3rd period - Snap shot by Alex Ovechkin.
5:09 of 3rd period - Shot Blocked by Melker Karlsson.
5:11 of 3rd period - Slapshot by Ryan Kesler.
5:11 of 3rd period - Stopped by Kari Lehtonen without a rebound.
5:12 of 3rd period - Kevin Porter wins face-off versus Martin Hanzal in Blues zone.
5:12 of 3rd period - Kevin Porter is hit by Thomas Vanek.
5:24 of 3rd period - Snap shot by Tomas Hertl.
5:24 of 3rd period - Stopped by Kari Lehtonen without a rebound.
5:25 of 3rd period - Ryan Kesler wins face-off versus Jeff Skinner in Blues zone.
5:42 of 3rd period - Snap shot by Alex Ovechkin.
5:42 of 3rd period - Stopped by Kari Lehtonen without a rebound.
5:43 of 3rd period - Kevin Porter wins face-off versus Martin Hanzal in Blues zone.
5:52 of 3rd period - Snap shot by Rene Bourque.
5:52 of 3rd period - Stopped by Ryan Miller with a rebound.
5:54 of 3rd period - Snap shot by Jamie McGinn.
5:54 of 3rd period - Shot Blocked by Danny DeKeyser.
5:56 of 3rd period - Wrist shot by Rene Bourque.
5:56 of 3rd period - Shot Misses the Net.
5:58 of 3rd period - Slapshot by Dan Girardi.
5:58 of 3rd period - Shot Misses the Net.
6:10 of 3rd period - Cody Eakin is hit by Ryan Kesler and loses puck.
6:29 of 3rd period - Snap shot by Jordan Szwarz.
6:29 of 3rd period - Deflect By Gabriel Dumont.
6:29 of 3rd period - Stopped by Ryan Miller with a rebound.
6:31 of 3rd period - Snap shot by Jordan Szwarz.
6:31 of 3rd period - Deflect By Nate Thompson.
6:31 of 3rd period - Shot Misses the Net.
6:31 of 3rd period - Puck is out of play.
6:32 of 3rd period - Mathieu Perreault wins face-off versus Jeff Skinner in Kings zone.
6:57 of 3rd period - Kevin Porter is hit by Thomas Vanek and loses puck.
7:04 of 3rd period - Wrist shot by Tomas Hertl.
7:04 of 3rd period - Stopped by Kari Lehtonen with a rebound.
7:06 of 3rd period - Slapshot by Michael Del Zotto.
7:06 of 3rd period - Goal by Michael Del Zotto - Kings : 3 - Blues : 3.
7:07 of 3rd period - Ryan Kesler wins face-off versus Jeff Skinner in neutral zone.
7:14 of 3rd period - Melker Karlsson is hit by Artem Anisimov and loses puck.
7:29 of 3rd period - Minor Penalty to Alex Ovechkin for Hooking.
7:30 of 3rd period - Martin Hanzal wins face-off versus Jeff Skinner in Kings zone.
7:30 of 3rd period - Martin Hanzal is hit by Melker Karlsson.
7:42 of 3rd period - Slapshot by Melker Karlsson.
7:42 of 3rd period - Stopped by Ryan Miller without a rebound.
7:43 of 3rd period - Melker Karlsson wins face-off versus Martin Hanzal in Kings zone.
7:56 of 3rd period - Wrist shot by Jeff Skinner.
7:56 of 3rd period - Shot Misses the Net.
7:58 of 3rd period - Slapshot by Melker Karlsson.
7:58 of 3rd period - Shot Misses the Net.
8:18 of 3rd period - Snap shot by Mike Green.
8:18 of 3rd period - Shot Hit the Post.
9:29 of 3rd period - Penalty to Alex Ovechkin is over, Alex Ovechkin is back on ice.
9:42 of 3rd period - Slapshot by Mike Green.
9:42 of 3rd period - Deflect By Gabriel Dumont.
9:42 of 3rd period - Shot Misses the Net.
9:42 of 3rd period - Puck is out of play.
9:43 of 3rd period - Ryan Kesler wins face-off versus Gabriel Dumont in Kings zone.
9:51 of 3rd period - Minor Penalty to Brenden Dillon for Hooking.
9:52 of 3rd period - Jeff Skinner wins face-off versus Ryan Kesler in Blues zone.
9:52 of 3rd period - Jeff Skinner is hit by Ryan Kesler.
10:31 of 3rd period - Slapshot by Mike Green.
10:31 of 3rd period - Shot Blocked by Cam Fowler.
10:33 of 3rd period - Wrist shot by Rene Bourque.
10:33 of 3rd period - Stopped by Ryan Miller with a rebound.
10:35 of 3rd period - Backhand shot by Mike Green.
10:35 of 3rd period - Shot Blocked by Cam Fowler.
11:51 of 3rd period - Penalty to Brenden Dillon is over, Brenden Dillon is back on ice.
11:57 of 3rd period - Slapshot by Jesper Bratt.
11:57 of 3rd period - Stopped by Kari Lehtonen with a rebound.
12:07 of 3rd period - Mike Green is hit by William Karlsson and loses puck.
12:20 of 3rd period - Snap shot by Jeff Skinner.
12:20 of 3rd period - Shot Misses the Net.
13:04 of 3rd period - Cam Fowler is hit by Jordan Oesterle and loses puck.
14:07 of 3rd period - William Karlsson is hit by Jordan Schroeder and loses puck.
14:48 of 3rd period - Wrist shot by Ryan Kesler.
14:48 of 3rd period - Shot Misses the Net.
15:53 of 3rd period - Mike Green is hit by Danny DeKeyser and loses puck.
16:10 of 3rd period - Mark Fayne is hit by Justin Schultz.
16:45 of 3rd period - Icing by Brian Dumoulin.
16:46 of 3rd period - Gabriel Dumont wins face-off versus Tomas Hertl in Kings zone.
16:53 of 3rd period - Snap shot by Gabriel Dumont.
16:53 of 3rd period - Stopped by Ryan Miller without a rebound.
16:54 of 3rd period - Gabriel Dumont wins face-off versus Mathieu Perreault in Kings zone.
16:59 of 3rd period - Slapshot by Mike Green.
16:59 of 3rd period - Shot Misses the Net.
17:21 of 3rd period - Snap shot by Melker Karlsson.
17:21 of 3rd period - Stopped by Ryan Miller with a rebound.
17:23 of 3rd period - Backhand shot by Mike Green.
17:23 of 3rd period - Shot Misses the Net.
17:27 of 3rd period - Snap shot by Cody Eakin.
17:27 of 3rd period - Shot Misses the Net.
17:36 of 3rd period - Icing by Artem Anisimov.
17:37 of 3rd period - Kevin Porter wins face-off versus Ryan Kesler in Kings zone.
17:40 of 3rd period - Slapshot by Jamie McGinn.
17:40 of 3rd period - Shot Blocked by Artem Anisimov.
18:10 of 3rd period - Snap shot by Cody Eakin.
18:10 of 3rd period - Shot Misses the Net.
18:12 of 3rd period - Slapshot by Jeff Skinner.
18:12 of 3rd period - Stopped by Ryan Miller without a rebound.
18:13 of 3rd period - Mathieu Perreault wins face-off versus Gabriel Dumont in Kings zone.
18:18 of 3rd period - Patrick Maroon is hit by Jordan Szwarz and loses puck.
18:39 of 3rd period - Tomas Hertl is hit by Dominik Simon and loses puck.
18:44 of 3rd period - Snap shot by Dominik Simon.
18:44 of 3rd period - Deflect By Jeff Skinner.
18:44 of 3rd period - Shot Blocked by Thomas Vanek.
18:44 of 3rd period - Puck is out of play.
18:45 of 3rd period - Dominik Simon wins face-off versus Alex Ovechkin in Kings zone.
18:54 of 3rd period - Snap shot by Jeff Skinner.
18:54 of 3rd period - Shot Misses the Net.
18:56 of 3rd period - Snap shot by Jordan Schroeder.
18:56 of 3rd period - Stopped by Ryan Miller with a rebound.
18:58 of 3rd period - Slapshot by David Schlemko.
18:58 of 3rd period - Stopped by Ryan Miller without a rebound.
18:59 of 3rd period - Jeff Skinner wins face-off versus Mathieu Perreault in Kings zone.
19:00 of 3rd period - Snap shot by Melker Karlsson.
19:00 of 3rd period - Stopped by Ryan Miller without a rebound.
19:01 of 3rd period - Mathieu Perreault wins face-off versus Jeff Skinner in Kings zone.
19:14 of 3rd period - Wrist shot by Patrick Maroon.
19:14 of 3rd period - Stopped by Kari Lehtonen without a rebound.
19:15 of 3rd period - Mathieu Perreault wins face-off versus Kevin Porter in Blues zone.
19:18 of 3rd period - Snap shot by Patrick Maroon.
19:18 of 3rd period - Shot Blocked by Kevin Porter.
19:20 of 3rd period - Slapshot by Cam Fowler.
19:20 of 3rd period - Shot Misses the Net.
19:22 of 3rd period - Snap shot by Mathieu Perreault.
19:22 of 3rd period - Shot Blocked by Kevin Porter.
19:24 of 3rd period - Slapshot by Danny DeKeyser.
19:24 of 3rd period - Deflect By Patrick Maroon.
19:24 of 3rd period - Stopped by Kari Lehtonen without a rebound.
19:25 of 3rd period - Kevin Porter wins face-off versus Mathieu Perreault in Blues zone.
19:25 of 3rd period - Kevin Porter is hit by Mathieu Perreault.
19:33 of 3rd period - Wrist shot by Rene Bourque.
19:33 of 3rd period - Shot Misses the Net.
19:59 of 3rd period - Snap shot by Rene Bourque.
19:59 of 3rd period - Shot Blocked by Patrick Maroon.
Goals for this period are 1 for Kings vs 1 for Blues.
Shots for this period are 12 for Kings vs 11 for Blues.

Overtime #1


0:01 of 1st overtime period - Cody Eakin wins face-off versus Ryan Kesler in neutral zone.
0:04 of 1st overtime period - Snap shot by Cody Eakin.
0:04 of 1st overtime period - Shot Blocked by Ryan Kesler.
0:06 of 1st overtime period - Slapshot by Cody Eakin.
0:06 of 1st overtime period - Shot Misses the Net.
0:08 of 1st overtime period - Wrist shot by Cody Eakin.
0:08 of 1st overtime period - Stopped by Ryan Miller with a rebound.
0:10 of 1st overtime period - Snap shot by Jeff Skinner.
0:10 of 1st overtime period - Shot Blocked by Alex Ovechkin.
0:12 of 1st overtime period - Slapshot by Trevor Daley.
0:12 of 1st overtime period - Shot Misses the Net.
0:14 of 1st overtime period - Snap shot by Cody Eakin.
0:14 of 1st overtime period - Shot Blocked by Ryan Kesler.
0:26 of 1st overtime period - Melker Karlsson is hit by Artem Anisimov and loses puck.
1:13 of 1st overtime period - Snap shot by Jamie McGinn.
1:13 of 1st overtime period - Stopped by Ryan Miller without a rebound.
1:14 of 1st overtime period - Ryan Kesler wins face-off versus Cody Eakin in Kings zone.
1:39 of 1st overtime period - Off-side.
1:40 of 1st overtime period - Martin Hanzal wins face-off versus Melker Karlsson in neutral zone.
1:43 of 1st overtime period - Slapshot by Cam Fowler.
1:43 of 1st overtime period - Stopped by Kari Lehtonen without a rebound.
1:44 of 1st overtime period - Ryan Kesler wins face-off versus Melker Karlsson in Blues zone.
1:47 of 1st overtime period - Snap shot by Ryan Kesler.
1:47 of 1st overtime period - Stopped by Kari Lehtonen without a rebound.
1:48 of 1st overtime period - Cody Eakin wins face-off versus Artem Anisimov in Blues zone.
2:17 of 1st overtime period - Wrist shot by Thomas Vanek.
2:17 of 1st overtime period - Shot Blocked by Mike Green.
3:41 of 1st overtime period - Snap shot by Rene Bourque.
3:41 of 1st overtime period - Goal by Rene Bourque - Kings : 3 - Blues : 4.
Goals for this period are 0 for Kings vs 1 for Blues.
Shots for this period are 2 for Kings vs 3 for Blues.